 Dungeon Crawl Stone Soup version 0.30-a0-652-gcc886f7154 (webtiles) character file.

Game seed: 14762896684752604098

35 wormed the Grasshopper (level 3, -7/30 HPs)
             Began as a Draconian Warper on Jan 17, 2023.
             Blown up by Ijyb (20 damage)
             ... with a mindburst bolt
             ... on level 3 of the Dungeon.
             The game lasted 00:01:54 (1562 turns).

wormed the Grasshopper (Draconian Warper)           Turns: 1562, Time: 00:01:54

Health: -7/30      AC:  8    Str: 13    XL:     3   Next: 16%
Magic:  6/6        EV: 12    Int: 15    God:
Gold:   128        SH:  0    Dex: 10    Spells: 6/6 levels left

rFire   . . .      SeeInvis .      - Unarmed
rCold   . . .      Faith    .    (no shield)
rNeg    . . .      Spirit   .    (body armour unavailable)
rPois   .          Reflect  .    (helmet restricted)
rElec   .          Harm     .    (no cloak)
rCorr   .          Rampage  .    j - +0 pair of gloves
Will    .....                    e - +1 pair of boots
Stlth   +                        (no amulet)
HPRegen 0.25/turn                (no ring)
MPRegen 0.10/turn                (no ring)

@: confused, ambrosia-drunk, attractive, flying
A: AC +5, unfitting armour, cold-blooded
a: no special abilities


You were on level 3 of the Dungeon.
You visited 1 branch of the dungeon, and saw 3 of its levels.

You collected 128 gold pieces.

Inventory:

Missiles
 b - 7 boomerangs of dispersal (quivered)
Armour
 e - a +1 pair of boots (worn)
 j - a +0 pair of gloves (worn)
Scrolls
 a - a scroll of blinking
 c - a scroll of vulnerability
 d - a scroll of silence
Potions
 f - 2 potions of curing


   Skills:
 + Level 2.7 Fighting
 - Level 0.8 Throwing
 + Level 2.5 Dodging
 + Level 2.4 Unarmed Combat
 + Level 2.4 Spellcasting
 - Level 3.0 Translocations


You had 6 spell levels left.
You didn't know any spells.
Your spell library contained the following spells:

 Spells                   Type           Power      Damage    Failure   Level
 Blink                    Tloc           20%        N/A       10%         2
 Lesser Beckoning         Tloc           20%        N/A       10%         2
 Teleport Other           Tloc           10%        N/A       19%         3
 Beastly Appendage        Tmut           2%         N/A       22%         1
 Cigotuvi's Dreadful Rot  Necr/Pois/Air  2%         N/A       32%         2
 Wereblood                Tmut           1%         N/A       32%         2
 Portal Projectile        Hex/Tloc       12%        N/A       34%         3
 Vhi's Electric Charge    Tloc/Air       12%        N/A       34%         3
 Manifold Assault         Tloc           10%        N/A       52%         4
 Passage of Golubria      Tloc           10%        N/A       52%         4
 Call Canine Familiar     Summ           1%         N/A       54%         3
 Ignite Poison            Fire/Tmut/Pois 1%         N/A       54%         3
 Spider Form              Tmut/Pois      1%         N/A       54%         3
 Tukima's Dance           Hex            1%         N/A       54%         3
 Dispel Undead            Necr           1%         3d6       91%         4
 Leda's Liquefaction      Hex/Erth       0%         N/A       91%         4
 Sticky Flame             Conj/Fire      1%         2d3       91%         4
 Yara's Violent Unravell  Hex/Tmut       0%         3d3       99%         5
 Death Channel            Necr           0%         N/A       100%        6
 Ignition                 Fire           0%         3d3       100%        8


Dungeon Overview and Level Annotations

Branches:
Dungeon (3/15)

Altars:

Shops:
D:1 (

Annotations:
D:3 Ijyb


Innate Abilities, Weirdness & Mutations

Your plain brown scales are hard. (AC +5)
You cannot fit into any form of body armour.
You are cold-blooded and may be slowed by cold attacks.


Message History

Ijyb completely misses you.
You barely miss Ijyb.
Your tail-slap misses Ijyb.
Your punch misses Ijyb.
Ijyb is lightly wounded.
Ijyb zaps a wand.
Your mind is blasted!
You closely miss Ijyb.
Ijyb is lightly wounded.
Ijyb hits you with a +0 dagger.
You closely miss Ijyb.
Ijyb is lightly wounded.
Ijyb zaps a wand.
Your mind is blasted!
You hit Ijyb but do no damage.
Ijyb is lightly wounded.
Ijyb closely misses you.
You hit Ijyb.
Ijyb is moderately wounded.
Ijyb zaps a wand.
Your mind is blasted!
You hit Ijyb but do no damage.
Ijyb is moderately wounded.
Ijyb hits you with a +0 dagger.
You hit Ijyb.
Ijyb is moderately wounded.
Ijyb barely misses you.
As you read the scroll labelled GADANE NUAPPEC, it crumbles to dust.
It is a scroll of identify.
f - 3 potions of curing Ijyb zaps a wand.
Your mind is blasted!
* * * LOW HITPOINT WARNING * * *
You feel better.
Ijyb zaps a wand.
Your mind is blasted!
* * * LOW HITPOINT WARNING * * *
It was a potion of attraction.
You feel attractive to monsters. Ijyb hits you but does no damage.
It was a potion of ambrosia.
You are confused.
You feel invigorated. Ijyb closely misses you.
It was a potion of flight.
You feel very buoyant.
You fly up into the air.
Ijyb zaps a wand.
Your mind is blasted!
Ouch! That really hurt!
You die...

.....# #.#....#
.....# #.....#.#
..#### #..#.##.#
..# #..#.##.#
..# #..#.##.##
..#
#...##...#.#<..#
### #....+.
+.##..#
#...##...####?.#
#...##.....g@..#
##
#...##......##.#
.## #...+.##....
.# ..###...#
#..$. .#
#..##...# #....
.# ##......#
#.... .#
#..###.# .....
.$
#....#.#..##...
###.#.#....


You could see Ijyb.

Vanquished Creatures
  2 dart slugs
  4 ball pythons
  A bat (D:1)
  5 endoplasms
  2 giant cockroaches
  2 goblins (D:1)
  2 hobgoblins
  4 kobolds
  A quokka (D:3)
  A frilled lizard (D:1)
  2 rats (D:1)
26 creatures vanquished.

Notes
Turn   | Place    | Note
-------+----------+-------------------------------------------
     0 | D:1      | wormed the Draconian Warper began the quest for the Orb.
     0 | D:1      | Reached XP level 1. HP: 17/17 MP: 3/3
   221 | D:1      | Found Ysus's Antique Weapon Boutique.
   297 | D:1      | Reached XP level 2. HP: 25/25 MP: 5/5
  1298 | D:3      | Reached XP level 3. HP: 30/30 MP: 6/6
  1543 | D:3      | Noticed Ijyb
  1562 | D:3      | Blown up by Ijyb

Illustrated notes

Levels and vault maps discovered:
D:1:      kilobyte_arrival_exit_the_forest, layout_basic, serial_shops, shop
D:2:      layout_rooms, minmay_cupped
D:3:      layout_basic, uniq_ijyb

Action                   || total
-------------------------++-------
Melee: Unarmed           ||    95
       Tailslap          ||     8
       Punch             ||     3
  Use: Scroll            ||     5
       Potion            ||     4
Armor: Skin              ||    30
Dodge: Dodged            ||    49

Table legend: (Time is in decaauts)
 A = Elapsed time spent in this place.
 B = Non-inter-level travel time spent in this place.
 C = Inter-level travel time spent in this place.
 D = Time resting spent in this place.
 E = Time spent auto-exploring this place.
 F = Levels seen in this place.
 G = Mean time per level.
                   A        B        C        D        E       F      G
               +--------+--------+--------+--------+--------+-----+--------+
         Total |   1564 |   1536 |     28 |     40 |   1204 |   3 |  521.3 |
       Dungeon |   1564 |   1536 |     28 |     40 |   1204 |   3 |  521.3 |
               +--------+--------+--------+--------+--------+-----+--------+

Top non-repeatable levels by time:
     D:1: 946 daAuts
     D:3: 441 daAuts
     D:2: 177 daAuts
